SCURSCUM, neutral female scurrid Archeologist DDD DDDDDDDD DDDDDDDDDDDD DDDDDDDDD@DD DDDDDDDDDDDD SCURSCUM the Digger Experience level: 1 Strength: 12 Dexterity: 11 Constitution: 13 Intelligence: 16 Wisdom: 14 Charisma: 9 Health: 0(12) Energy: 2(2) Def: 2 Gold: 82 Moves: 82 Dungeon seed: EVZZSeP5v5LTXA1q Game ID: SCURSCUM_1498607575 Your Inventory: Coins $ - 82 gold pieces Weapons a - an uncursed +2 bullwhip Armor e - an uncursed +0 leather jacket (being worn) n - an uncursed +0 pair of leather gloves (being worn) Comestibles b - 4 uncursed chestnuts Rings i - an uncursed ring of fire resistance Wands d - an uncursed wand of light (0:15) Tools c - an uncursed pair of lenses f - an uncursed sack g - an uncursed tin opener (alternate weapon; not wielded) h - an uncursed oil lamp (0:1480) Gems q - an uncursed touchstone Spells and supernatural/magical abilities: Name Level Category Fail Memory W - pray for help -- divine ? -- Your skills at the end: Miscellaneous Skills wands [Basic] Weapon Skills whip [Basic] Spellcasting Skills Final Attributes: You were devoutly aligned. You had infravision. You were very stealthy. You were fast. You are dead. Vanquished creatures: an elf zombie Voluntary challenges: You went without food. You did not adorn yourself with jewelry or accessories. You did not cause conflict. You were not invisible. You did not have reflection. You were not displaced. You were an atheist. You never hit with a wielded weapon. You were a pacifist. You did not use tools. You did not use plumbed fixtures. You did not drink any magical draughts. You were illiterate. You never genocided any monsters. You never polymorphed an object. You never changed form. You used no wishes. You never split a pudding. You never wrote Elbereth's name. You never violated your personal moral code. Dungeon overview: The Dungeons of Doom: levels 1 to 20 Level 1 a long staircase Level 2 Level 3 an altar to Huhetotl, a fountain Level 4 Level 5 Level 6 Level 7 Level 8 a general store Level 9 Level 10 a long staircase Level 11 Level 12 Level 13 a fountain Level 14 Level 15 Level 16 Level 17 Level 18 Level 19 Level 20 <- You were here History has recorded: On T:1 you entered the Dungeons of Doom to retrieve the Amulet of Yendor! On T:5 you reached level 2 of The Dungeons of Doom. On T:7 you reached level 3 of The Dungeons of Doom. On T:10 you reached level 4 of The Dungeons of Doom. On T:12 you reached level 5 of The Dungeons of Doom. On T:15 you reached level 6 of The Dungeons of Doom. On T:18 you reached level 7 of The Dungeons of Doom. On T:21 you reached level 8 of The Dungeons of Doom. On T:28 you reached level 9 of The Dungeons of Doom. On T:32 you reached level 10 of The Dungeons of Doom. On T:58 you reached level 11 of The Dungeons of Doom. On T:60 you reached level 12 of The Dungeons of Doom. On T:64 you reached level 13 of The Dungeons of Doom. On T:67 you reached level 14 of The Dungeons of Doom. On T:69 you reached level 15 of The Dungeons of Doom. On T:69 you entered the Rogue tribute level. On T:72 you reached level 16 of The Dungeons of Doom. On T:75 you reached level 17 of The Dungeons of Doom. On T:77 you reached level 18 of The Dungeons of Doom. On T:79 you reached level 19 of The Dungeons of Doom. On T:82 you reached level 20 of The Dungeons of Doom. Score breakdown: Gold: 82 ( 8 points) Experience: 1 level ( 0 points) Exploration: 20 levels ( 570 points) Discoveries: 1 item ( 50 points) Variety of kills: 1 monster ( 50 points) Major goal: (nothing yet) ( 0 points) Survival: died (score multiplied by 3) Total score: 2034 Latest messages: You continue digging downward. You dig a pit in the floor. You continue digging downward. You dig a hole through the floor. You fall through... You have no weapon equipped. You start digging downward. You continue digging downward. You dig a pit in the floor. You continue digging downward. You dig a hole through the floor. You fall through... You enter a dragon hall! i - an iron ring. $ - 82 gold pieces. You see here a red gem. The red dragon bites! The red dragon claws you! You die... The sack is empty. The sack is empty. Final status: Goodbye SCURSCUM the Archeologist, killed by a red dragon... You died in The Dungeons of Doom on dungeon level 20 with 2034 points, and 82 pieces of gold, after 82 moves. You were level 1 with a maximum of 12 hit points when you died.